[Event "NY Presidents Day Schiller-C 2024"]
[Site "New York"]
[Date "2024.02.16"]
[Round "2.3"]
[White "Shangin, Lev"]
[Black "Perez Avendano, Paul Omar"]
[Result "1-0"]
[ECO "A52"]
[WhiteElo "1866"]
[BlackElo "2213"]
[Annotator "RC"]
[PlyCount "83"]
[EventDate "2024.02.14"]
[EventType "schev"]
[EventCountry "USA"]
[SourceTitle "playchess.com"]
[Source "ChessBase"]
[SourceQuality "1"]
[TimeControl "5400+30"]

1. d4 Nf6 2. c4 e5 3. dxe5 Ng4 4. b3 Nc6 5. Bb2 Bb4+ 6. Nc3 d6 7. a3 Ba5 8. Nf3 Bb6 9. e3 Ncxe5 10. Be2 Nxf2 11. Kxf2 Ng4+ 12. Ke1 Nxe3 13. Qd2 Nxg2+ 14. Kd1 Be3 15. Qd3 Bh6 16. Nd5 c6 17. Rg1 cxd5 18. Rxg2 dxc4 19. Qxc4 d5 20. Qd4 f6 21. Bb5+ Kf7 22. Rf2 Rf8 23. Bd3 Kg8 24. Qh4 Kh8 25. Bc1 Rf7 26. Bxh6 gxh6 27. Ne5 Rg7 28. Kd2 d4 29. Qxf6 Qxf6 30. Rxf6 Rg2+ 31. Be2 d3 32. Kxd3 Bh3 33. Bf3 Rg7 34. Nf7+ Kg8 35. Nxh6+ Kh8 36. Nf7+ Kg8 37. Bd5 Bg2 38. Be6 Kf8 39. Re1 Ke7 40. Rf2 Bc6 41. Bh3+ Kf8 42. Nh6+ 1-0

[Event "NY Presidents Day Schiller-C 2024"]
[Site "New York"]
[Date "2024.02.16"]
[Round "2.4"]
[White "Pagan, Jonathan"]
[Black "Andrianov, Nikolai"]
[Result "0-1"]
[ECO "B00"]
[WhiteElo "2018"]
[BlackElo "2266"]
[Annotator "RC"]
[PlyCount "194"]
[EventDate "2024.02.14"]
[EventType "schev"]
[EventCountry "USA"]
[SourceTitle "playchess.com"]
[Source "ChessBase"]
[SourceQuality "1"]
[TimeControl "5400+30"]

1. d4 b5 2. e4 Bb7 3. Bd3 e6 4. Nf3 a6 5. a4 b4 6. c4 bxc3 7. Nxc3 Nf6 8. O-O Be7 9. Re1 O-O 10. Qc2 Nc6 11. Qe2 Nb4 12. Bb1 a5 13. Bg5 Ba6 14. Qd2 d6 15. Na2 Rb8 16. Nxb4 Rxb4 17. Qc2 Rc4 18. Qd1 Rb4 19. b3 c5 20. Bd2 Rb7 21. Qc2 g6 22. Qc3 d5 23. e5 Ne4 24. Bxe4 dxe4 25. Rxe4 Qd5 26. Rae1 Rxb3 27. Qxa5 Bd3 28. R4e3 Ra8 29. Qc7 Rb7 30. Qxb7 Qxb7 31. Rxd3 c4 32. Rc3 Rxa4 33. Rec1 Qb5 34. Be3 Ba3 35. Rd1 Bb2 36. Rc2 Qb3 37. Ne1 Bc3 38. Rcc1 Bb2 39. Rc2 Ra1 40. Rxa1 Bxa1 41. g3 Bc3 42. Rc1 Bb2 43. Rc2 Kf8 44. h4 Ke8 45. Kf1 Kd7 46. Ke2 Kc6 47. f3 Kd5 48. Kf2 Bxd4 49. Bxd4 Kxd4 50. Re2 c3 51. Re4+ Kd5 52. Re2 Qb6+ 53. Kf1 Kc4 54. Re4+ Kb3 55. Re2 Qb5 56. Kf2 Qc5+ 57. Kf1 Qc4 58. Kf2 Qd4+ 59. Kf1 h5 60. Nc2 Qd1+ 61. Ne1 Qb1 62. Kf2 Qf5 63. Kg2 g5 64. hxg5 Qxg5 65. Kf2 Qf5 66. Kg2 Qb1 67. Kf2 Qd1 68. Kf1 Kc4 69. Re4+ Kc5 70. Re2 Kc6 71. Kf2 Qd4+ 72. Kf1 Qc4 73. Kf2 Qc5+ 74. Kf1 h4 75. gxh4 Qc4 76. h5 Qh4 77. Re4 Qxh5 78. Rc4+ Kd5 79. Rxc3 Qh1+ 80. Kf2 Qh4+ 81. Kf1 Kxe5 82. Re3+ Kf5 83. Ng2 Qg3 84. Rb3 Kg6 85. Re3 f6 86. Rxe6 Qxf3+ 87. Kg1 Qd1+ 88. Re1 Qd4+ 89. Kf1 f5 90. Re2 f4 91. Ne1 Kf5 92. Rf2 Qd1 93. Rg2 Qh5 94. Rf2 Qh1+ 95. Ke2 Ke4 96. Nf3 Qh5 97. Rf1 Qb5+ 0-1

[Event "NY Presidents Day Schiller-C 2024"]
[Site "New York"]
[Date "2024.02.16"]
[Round "2.5"]
[White "Plat, Vojtech"]
[Black "Ho, Carter"]
[Result "1-0"]
[ECO "E46"]
[WhiteElo "2516"]
[BlackElo "2180"]
[Annotator "TA"]
[PlyCount "71"]
[EventDate "2024.02.14"]
[EventType "schev"]
[EventCountry "USA"]
[SourceTitle "playchess.com"]
[Source "ChessBase"]
[SourceQuality "1"]
[TimeControl "5400+30"]

1. d4 Nf6 2. c4 e6 3. Nc3 Bb4 4. e3 O-O 5. Nge2 d5 6. a3 Be7 7. Nf4 c6 8. Be2 Nbd7 9. O-O Re8 10. Qc2 Bd6 {[%emt 0:07:05] The position is equal.} 11. b3 dxc4 12. bxc4 e5 13. Nd3 exd4 14. exd4 Ne4 ({Better is} 14... Nf8 $15) 15. Nxe4 $11 Rxe4 16. Be3 Nf6 17. Ne5 c5 18. Bd3 (18. Nf3 $11) 18... Rh4 (18... cxd4 $1 $17 19. Bxe4 dxe3) 19. f4 ({White should try} 19. Bg5 $11 Rh5 20. h4) 19... cxd4 $15 20. Bxd4 Ng4 (20... Bxe5 {seems wilder.} 21. Bxe5 Ng4 22. Rad1 Qe7) 21. Nxg4 Bxg4 22. Qc3 Rh5 {[%emt 0:06:19] [#]} (22... b6 $11 {keeps the balance.}) 23. Be4 (23. Bxg7 $2 Bc5+ 24. Rf2 Qh4 (24... Bxf2+ $2 25. Kxf2 Qh4+ 26. Kf1 $19) 25. Bxh7+ Kxh7 26. Qc2+ Bf5 $19 (26... Kxg7 27. h3 Bxh3 28. Kf1 Bg4 29. Ke1 Rd8 30. g3 Qxg3 31. Qb2+ Kg8 32. Qg7+ Kxg7 33. Kf1 Qxf2#) (26... Kxg7 27. h3 Bxh3 28. Qc3+ Kh6 29. gxh3 Rg8+ 30. Kh1 Bxf2 31. Qh8+ Rxh8 32. Kg2 Bc5 33. Kf3 Qf2+ 34. Kg4 Rg8#)) ({White should play} 23. h3 $1 $16 Be6 24. f5 (24. Bxg7 Bxh3 25. gxh3 Rxh3 $11)) 23... Bc5 $11 24. Bxc5 Rxc5 25. Bxb7 Rb8 26. Rab1 Bf5 27. Rb2 Be6 {[%emt 0:04:19] Prevents Bd5.} 28. Qe3 Rxc4 29. f5 Bc8 (29... Bd7 $5) 30. Rd2 $36 {[%emt 0:00:59][%mdl 2048] White is more active.} Qf8 31. Bd5 Qc5 {[%emt 0:01:54][%mdl 8192] [#] Black cannot hold the game after this.} (31... Rc7 $1 $11) 32. Re2 $1 $18 {[%emt 0:00:45] White threatens Qxc5 and mate.} Ba6 ({Wrong is} 32... Rc2 $2 33. Qxc5 Rxe2 34. Qc7 $18 (34. Qxa7 Rb7 $18) (34. Bxf7+ Kxf7 35. Qc4+ Kf8 $18) (34. Qxa7 Rb7 $18) (34. Bxf7+ Kxf7 35. Qc4+ Kf6 $18)) (32... Bd7 33. Bxc4) 33. Bxc4 {[%emt 0:00:07] White is clearly winning.} Qxe3+ 34. Rxe3 Bxc4 35. Rc1 Bd5 36. Re5 {[%emt 0:00:23] Weighted Error Value: White=0.16 (very precise) /Black=0.38.  Loses game:     	---       	Black=1      Mistake:       	White=3     	Black=3      Inaccurate:     	White=2     	Black=4      OK:         	White=12    	Black=11     Best:        	White=1     	Black=1} 1-0

[Event "NY Presidents Day Schiller-C 2024"]
[Site "New York"]
[Date "2024.02.16"]
[Round "2.6"]
[White "Martin Del Campo Cardenas, Roberto Abel"]
[Black "Tang, Benjamin"]
[Result "0-1"]
[ECO "C07"]
[WhiteElo "2205"]
[BlackElo "2167"]
[Annotator "RC"]
[PlyCount "95"]
[EventDate "2024.02.14"]
[EventType "schev"]
[EventCountry "USA"]
[SourceTitle "playchess.com"]
[Source "ChessBase"]
[SourceQuality "1"]
[TimeControl "5400+30"]

1. e4 e6 2. d4 d5 3. Nd2 c5 4. exd5 Qxd5 5. Ngf3 cxd4 6. Bc4 Qd7 7. O-O Nc6 8. Nb3 a6 9. Re1 Bb4 10. Re2 b5 11. Bd3 Bb7 12. Nbxd4 Nxd4 13. Nxd4 Nf6 14. c3 Be7 15. Bf4 O-O 16. a3 Rad8 17. Re1 Bc5 18. Be5 Qd5 19. Bf1 Ne4 20. Bg3 Nxg3 21. hxg3 Bxd4 22. Qxd4 Qxd4 23. cxd4 Rxd4 24. Red1 Rfd8 25. Rxd4 Rxd4 26. Rc1 Kf8 27. f3 Bd5 28. b4 Bc4 29. Bxc4 Rxc4 30. Rxc4 bxc4 31. Kf2 Ke7 32. Ke3 e5 33. g4 f6 34. f4 Kd6 35. Ke4 exf4 36. Kd4 f5 37. g5 h5 38. gxh6 gxh6 39. Kxc4 f3 40. gxf3 h5 41. Kd3 Kd5 42. a4 h4 43. Ke3 Kc4 44. b5 axb5 45. axb5 Kxb5 46. Kf2 Kc4 47. f4 Kd4 48. Kf3 0-1

[Event "NY Presidents Day Schiller-C 2024"]
[Site "New York"]
[Date "2024.02.16"]
[Round "2.7"]
[White "Podavonov, Alisher"]
[Black "Meduri, Aakaash"]
[Result "1-0"]
[ECO "A91"]
[WhiteElo "2175"]
[BlackElo "1956"]
[Annotator "RC"]
[PlyCount "111"]
[EventDate "2024.02.14"]
[EventType "schev"]
[EventCountry "USA"]
[SourceTitle "playchess.com"]
[Source "ChessBase"]
[SourceQuality "1"]
[TimeControl "5400+30"]

1. d4 f5 2. g3 Nf6 3. Bg2 e6 4. c4 d5 5. Nh3 c6 6. O-O Be7 7. b3 O-O 8. Ba3 Nbd7 9. Qc1 Ne4 10. f3 Nd6 11. Nd2 Nf6 12. Nf2 f4 13. gxf4 Nf5 14. Bxe7 Qxe7 15. Qc3 c5 16. dxc5 d4 17. Qb2 Nh5 18. Nd3 Rf6 19. Rf2 Rh6 20. Bh3 e5 21. fxe5 Qh4 22. Bg4 Bd7 23. Nf1 Rf8 24. Rg2 Rg6 25. Qd2 Bc6 26. b4 a6 27. a4 Nh6 28. Bxh5 Rxg2+ 29. Kxg2 Qxh5 30. Ng3 Qh4 31. Nf2 g5 32. b5 Bd7 33. Rd1 Rd8 34. Nfe4 Bh3+ 35. Kg1 Nf7 36. Qb2 Qf4 37. Nf6+ Kh8 38. Qd2 Qxe5 39. Nd5 axb5 40. axb5 Ra8 41. Qxd4 Kg8 42. Qxe5 Nxe5 43. Rc1 Ra2 44. Rc3 Kf7 45. Kf2 h6 46. Re3 Ke6 47. Nc7+ Kf6 48. Nh5+ Kg6 49. Rxe5 Kxh5 50. Nd5 Kh4 51. Re4+ Kh5 52. Kg3 Bf5 53. Re5 Kg6 54. e4 Bd7 55. Re7 Bc8 56. Nb6 1-0

[Event "NY Presidents Day Schiller-C 2024"]
[Site "New York"]
[Date "2024.02.16"]
[Round "2.8"]
[White "Lapshun, Yury"]
[Black "Yoo, Eugene"]
[Result "1-0"]
[ECO "D26"]
[WhiteElo "2337"]
[BlackElo "2168"]
[Annotator "TA"]
[PlyCount "69"]
[EventDate "2024.02.14"]
[EventType "schev"]
[EventCountry "USA"]
[SourceTitle "playchess.com"]
[Source "ChessBase"]
[SourceQuality "1"]
[TimeControl "5400+30"]

1. d4 Nf6 2. Nf3 e6 3. c4 d5 4. e3 dxc4 5. Bxc4 a6 6. a4 b6 7. O-O Bb7 {Prevents e4} 8. Qe2 Nbd7 {The position is equal.} 9. Rd1 Bb4 10. Nbd2 Qe7 11. e4 e5 (11... O-O $11 {keeps the balance.}) 12. dxe5 (12. Nxe5 {seems wilder.} Nxe5 13. dxe5 Qxe5 14. Nf3) 12... Nxe5 13. Nxe5 Qxe5 {[#]} 14. Bxf7+ $1 Kxf7 15. Qc4+ Kg6 16. Qxb4 Rad8 17. Re1 {And now Nf3 would win.} Rd3 (17... Rhe8 $16 {keeps fighting.}) 18. Nc4 $18 Qd4 {[%cal Of6g4] Strongly threatening ...Ng4!} 19. Bf4 (19. Be3 $1 $18 Qxe4 20. f3) 19... Ng4 $16 {[#]} 20. Ne5+ $1 Nxe5 21. Qxd4 Rxd4 22. Bxe5 Rxe4 23. Rxe4 Bxe4 24. Bxc7 {[%mdl 4096] Endgame. KRB-KRB} b5 25. axb5 axb5 26. f3 Bd5 {[#]} 27. Ra6+ $1 Kf7 {[#]} 28. Be5 $1 Rg8 29. Ra7+ Kg6 30. Kf2 {White is more active.} h5 31. h4 Kh6 (31... b4 $16 32. Ra5 Bf7 33. Ra6+ Kf5) 32. Bc3 $18 {White is clearly better.} Kg6 33. Kg3 Bf7 34. Rb7 Bc4 35. Rc7 {Weighted Error Value: White=0.08 (flawless) /Black=0.19 (very precise) .  Mistake:       	White=1     	Black=3      OK:         	White=15    	Black=7      Best:        	White=1     	Black=2      Strong:       	White=1     	---        Brilliant:      	White=1     	---} 1-0

[Event "NY Presidents Day Schiller-C 2024"]
[Site "New York"]
[Date "2024.02.16"]
[Round "2.9"]
[White "Liu, Kelsey"]
[Black "Campos Jimenez, Augusto Cesar"]
[Result "0-1"]
[ECO "C13"]
[WhiteElo "2004"]
[BlackElo "2288"]
[Annotator "TA"]
[PlyCount "104"]
[EventDate "2024.02.14"]
[EventType "schev"]
[EventCountry "USA"]
[SourceTitle "playchess.com"]
[Source "ChessBase"]
[SourceQuality "1"]
[TimeControl "5400+30"]

1. e4 e6 2. d4 d5 3. Nc3 Nf6 4. Bg5 dxe4 5. Nxe4 Be7 6. Nxf6+ Bxf6 7. Bxf6 Qxf6 8. Nf3 O-O 9. Bd3 c5 10. c3 cxd4 11. Nxd4 e5 12. Ne2 Nd7 13. Qc2 h6 {[%emt 0:02:15] The position is equal.} 14. b4 Qh4 15. O-O Nf6 16. Ng3 Be6 17. Rfe1 Rfd8 18. Rxe5 Ng4 19. Rh5 Qf6 20. Bf5 (20. Ne4 $14 Qf4 21. g3) 20... Rac8 (20... g6 {is more appropriate.} 21. Bxg4 gxh5 22. Nxh5 Qe5 23. Bxe6 Qxe6) 21. Ne4 Qe7 22. Bxe6 Qxe6 23. Nc5 Qc4 24. Rh3 (24. Nxb7 {simplifies} Rd3 25. Qe2 Rxc3 26. Qxc4 R3xc4 27. Rc5) 24... b6 25. Nb3 Qxb4 (25... Nf6 $11 {keeps the balance.}) 26. Qf5 $1 $16 Qa4 {[%emt 0:13:03][%cal Oa4a2] [#] And now ...Qxa2! would win.} (26... Rxc3 $2 27. Rxc3 Qxc3 28. Qxg4 $18) 27. Rg3 $1 Rc4 {[%emt 0:00:23][%cal Oa4a2] Hoping for ...Qxa2!} 28. Nd4 Rdxd4 29. cxd4 Rxd4 30. Qc8+ Kh7 31. Qf5+ Kg8 32. Rd3 {[%emt 0:02:07][%mdl 8192] This costs White the game.} (32. Rf1 $16 {stays on course.} g6 33. Qf3) 32... Qc2 $40 {[%emt 0:01:10][%mdl 128] Black has strong attack.} 33. h3 ({Don't go for} 33. Re1 $2 g6 $19 (33... Qxd3 34. Re8#) (33... Ne3 $2 34. fxe3 Rxd3 35. Rf1 $19) (33... Qxd3 34. Re8#) (33... Ne3 $2 34. fxe3 Rxd3 35. a3 $19)) 33... Qxd3 34. Qc8+ Kh7 {[%emt 0:00:20][%cal Od3d1] ( -> ...Qd1+!)} 35. hxg4 {[%emt 0:00:03][%mdl 4096] Endgame. KQR-KQR} Qg6 36. f3 Rd2 37. a4 h5 38. Re1 hxg4 39. Re8 $2 (39. fxg4 $19 Rd4 40. Qc3 Qxg4 (40... Rxg4 $2 {perishes.} 41. Qh3+ Qh6 42. Qxg4 $18) 41. a5) 39... Rd1+ {[%emt 0:00:00] Black mates.} ({Worse is} 39... gxf3 40. Rh8#) 40. Kf2 g3+ 41. Ke3 Qd3+ 42. Kf4 Qd6+ 43. Kg4 Rd4+ 44. Re4 Rxe4+ 45. fxe4 {[%emt 0:00:01] [#]} Qe6+ $1 46. Qxe6 fxe6 {[%emt 0:00:00] KP-KP} 47. Kf4 a6 48. Ke5 b5 49. axb5 axb5 50. Kd4 Kg6 51. Kc5 Kf6 52. Kd4 b4 {[%emt 0:00:00] Weighted Error Value: White=0.48/Black=0.15 (very precise) .  Loses game:     	White=1     	---        Mistake:       	White=2     	Black=2      Inaccurate:     	White=1     	Black=1      OK:         	White=7     	Black=8      Best:        	White=5     	Black=5      Strong:       	White=2     	---} 0-1

[Event "NY Presidents Day Schiller-C 2024"]
[Site "New York"]
[Date "2024.02.17"]
[Round "3.1"]
[White "Czebe, Attila"]
[Black "Mou, Iris"]
[Result "1-0"]
[ECO "A22"]
[WhiteElo "2346"]
[BlackElo "2128"]
[Annotator "TA"]
[PlyCount "109"]
[EventDate "2024.02.14"]
[EventType "schev"]
[EventCountry "USA"]
[SourceTitle "playchess.com"]
[Source "ChessBase"]
[SourceQuality "1"]
[TimeControl "5400+30"]

1. c4 e5 2. Nc3 Nf6 3. e3 Be7 4. d4 exd4 5. Qxd4 O-O 6. Nf3 b6 7. b3 Bb7 8. Bb2 {[%emt 0:00:21] The position is equal.} Bc5 9. Qh4 Qe7 (9... Ne4 $11 {keeps the balance.}) 10. Be2 ({White should try} 10. Bd3 $16 {[%cal Oc3d5] Threatens to win with Nd5!} h6 11. O-O) 10... Ba3 11. Bxa3 Qxa3 12. O-O Qe7 13. Rfd1 d6 14. Nd5 Nxd5 15. cxd5 Qxh4 16. Nxh4 a5 {[%emt 0:09:54] Black is weak on the light squares} 17. Rac1 Ba6 18. Bg4 Ra7 19. Nf5 Re8 20. Rd2 g6 {[%emt 0:02:38][%cal Oh7h5] aiming for ...h5!} 21. Nd4 h5 22. Be2 Kg7 23. Bb5 {[%emt 0:00:46] White has more active pieces. The black rooks are passive.} Re4 24. a4 Rb7 25. Rdc2 Bxb5 26. axb5 (26. Nxb5 Na6 $14) 26... Re7 27. Rc4 Ra7 28. R1c3 Rb7 29. f3 $1 Kf8 30. Kf2 Ke8 31. h3 Kd8 32. g4 hxg4 33. hxg4 Re8 {[%emt 0:00:37] [#]} 34. Rc1 $1 Nd7 (34... Rh8 $142 35. Kg2 Nd7 36. Nc6+ Ke8) 35. Nc6+ $18 Kc8 36. Rf4 Ne5 (36... Rf8 {keeps fighting.} 37. Rh1 f6) 37. Nxe5 Rxe5 38. Rxf7 Rxd5 {[%emt 0:00:24][%cal Od5c5][%mdl 4096] Endgame. KRR-KRR} 39. Rh1 (39. f4 $142) 39... Ra7 (39... Rb8 $142) 40. f4 (40. Rh8+ Kb7 $14) 40... a4 (40... Rxb5 41. f5 gxf5 (41... Rxb3 $2 {too greedy.} 42. fxg6 Rb5 43. Rh5 $18) 42. Rf8+ Kd7 43. g5 $18) 41. bxa4 Rxa4 42. Rc1 Rc5 43. Rxc5 bxc5 {[%emt 0:01:22] KR-KR} 44. Rg7 Ra2+ {[%emt 0:00:46] [#]} 45. Ke1 $1 Ra1+ $2 (45... c4 46. Rxg6 c3) 46. Kd2 Ra2+ 47. Kd3 d5 $2 (47... Kb7 48. Rxg6 Kb6) 48. Rxg6 c4+ (48... Ra3+ $142 49. Ke2 Kd7) 49. Kd4 Rd2+ 50. Ke5 c3 51. Rc6 c2 52. b6 Kb7 {[%emt 0:00:22] [#]} 53. bxc7 $1 {[%emt 0:00:07] White mates.} Kc8 (53... Kxc6 54. c8=Q+) 54. g5 Rg2 55. Kd6 {[%emt 0:00:17] Weighted Error Value: White=0.13 (very precise) /Black=0.45.  Mistake:       	White=2     	Black=7      Inaccurate:     	---       	Black=3      OK:         	White=21    	Black=14     Best:        	White=6     	Black=1      Strong:       	White=1     	---} 1-0

[Event "NY Presidents Day Schiller-C 2024"]
[Site "New York"]
[Date "2024.02.17"]
[Round "3.2"]
[White "Quesada Vera, Liordis"]
[Black "Shangin, Lev"]
[Result "1/2-1/2"]
[ECO "A08"]
[WhiteElo "2337"]
[BlackElo "1866"]
[Annotator "TA"]
[PlyCount "91"]
[EventDate "2024.02.14"]
[EventType "schev"]
[EventCountry "USA"]
[SourceTitle "playchess.com"]
[Source "ChessBase"]
[SourceQuality "1"]
[TimeControl "5400+30"]

1. g3 d5 2. Bg2 Nf6 3. d3 c5 4. Nd2 Nc6 5. e4 e5 6. Ngf3 d4 7. Nc4 Qc7 8. a4 h6 9. O-O Be6 10. Nh4 g5 11. Nf5 Nd7 12. Bh3 Rg8 $2 (12... Nf6 $11) 13. Bd2 $2 (13. Nxh6 $1 $18 {Bxe6 would now be deadly.} Bxh6 14. Bxe6) 13... Nb6 (13... Bxc4 $11 {remains equal.} 14. dxc4 Nf6) 14. Na3 {[%emt 0:07:53] White has more active pieces.} (14. Nxh6 $16 Bxh6 15. Bxe6 fxe6 16. Qh5+ Kd8 17. Nxb6 (17. Qxh6 Qe7 $16) 17... axb6 18. Qxh6) 14... Qd7 (14... O-O-O $1 $11) 15. a5 $16 Nc8 16. Nc4 Rg6 17. Qf3 (17. Qh5 $16) 17... Nd6 $14 18. Nfxd6+ Bxd6 19. Bxe6 Qxe6 20. Qf5 Kd7 21. Qf3 Be7 22. Qh5 Rf8 23. c3 f5 24. cxd4 (24. b4 $5 cxb4 25. cxb4 $16) 24... Nxd4 {[%emt 0:02:06] [#]} (24... exd4 $11 {keeps the balance.} 25. exf5 Qxf5) 25. Qxg6 $4 Nf3+ $19 26. Kg2 Qxg6 27. Kxf3 Ke6 (27... fxe4+ $142 28. Kg2 Bd6 (28... exd3 $2 {too greedy.} 29. Nxe5+ Ke8 30. Nxg6 $18)) 28. Kg2 f4 ({Resist} 28... fxe4 29. Rae1 $15) 29. Bc3 Bf6 {[%emt 0:00:34] Hoping for ...Rd8.} 30. f3 (30. g4 $17) 30... g4 31. fxg4 Qxg4 32. Rf3 Rg8 33. Raf1 h5 34. R1f2 Qg7 ({Black should try} 34... h4 $19 35. h3 Qg7) 35. Kf1 $17 {[%emt 0:00:35] [#]} Rd8 (35... Qd7 $1 $17 36. Ke2 (36. gxf4 $2 Qa4 $17) 36... Qa4) 36. gxf4 exf4 37. Rg2 {[%emt 0:00:04] Chess con chili.} Qh7 38. Bxf6 Kxf6 39. Rxf4+ Ke6 $1 40. Ke2 Rg8 {[%emt 0:01:03] Against Rg5} 41. Rgf2 Rg6 {[%emt 0:00:31] [#]} (41... Qg7 $11) 42. Rf7 Qh6 (42... Qxf7 43. Rxf7 Kxf7 44. Ne5+ Kf6 45. Nxg6 $18) 43. Rxb7 Qc1 $1 {[%emt 0:01:05] aiming for ...Rg1. The position is equal.} 44. Rxa7 {[%emt 0:11:26] Threatens to win with Ra6+.} Rg1 45. Ra6+ Ke7 {[%emt 0:00:03] White must now prevent ...Qc2+.} 46. Ra7+ {[%emt 0:00:00] Whites escaped into a draw.   Weighted Error Value: White=0.28 (precise) /Black=0.37.  Loses game:     	White=1     	Black=1      Missed win:     	White=1     	---        Mistake:       	White=4     	Black=7      Inaccurate:     	White=4     	Black=5      OK:         	White=14    	Black=8      Best:        	White=3     	Black=3      Strong:       	---       	Black=2} 1/2-1/2

[Event "NY Presidents Day Schiller-C 2024"]
[Site "New York"]
[Date "2024.02.17"]
[Round "3.3"]
[White "Perez Avendano, Paul Omar"]
[Black "Pagan, Jonathan"]
[Result "1/2-1/2"]
[ECO "E05"]
[WhiteElo "2213"]
[BlackElo "2018"]
[Annotator "RC"]
[PlyCount "82"]
[EventDate "2024.02.14"]
[EventType "schev"]
[EventCountry "USA"]
[SourceTitle "playchess.com"]
[Source "ChessBase"]
[SourceQuality "1"]
[TimeControl "5400+30"]

1. Nf3 d5 2. c4 e6 3. g3 Nf6 4. Bg2 Be7 5. O-O O-O 6. d4 dxc4 7. Qc2 b6 8. Bg5 Nd5 9. Bxe7 Qxe7 10. Qxc4 Bb7 11. Qc2 Nd7 12. Nc3 Nxc3 13. bxc3 Nf6 14. Rfe1 Be4 15. Qb2 c5 16. a4 Rfc8 17. Rec1 Rab8 18. Ne5 Bxg2 19. Kxg2 h6 20. Kg1 Nd7 21. Nc4 Nf6 22. Qb5 Ne4 23. Qb1 Nd6 24. Ne5 Qb7 25. Qd3 Ne8 26. a5 b5 27. a6 Qc7 28. Qe3 Nf6 29. Nd3 c4 30. Nc5 Rb6 31. Qd2 Nd7 32. Nxd7 Qxd7 33. Rcb1 Rcc6 34. Ra5 Rd6 35. e3 e5 36. Qe2 e4 37. Qh5 Rd5 38. Qe2 Qh3 39. Qf1 Qf5 40. Rb4 Rf6 41. Rb2 h5 1/2-1/2

[Event "NY Presidents Day Schiller-C 2024"]
[Site "New York"]
[Date "2024.02.17"]
[Round "3.4"]
[White "Andrianov, Nikolai"]
[Black "Ho, Carter"]
[Result "1-0"]
[ECO "D38"]
[WhiteElo "2266"]
[BlackElo "2180"]
[Annotator "TA"]
[PlyCount "103"]
[EventDate "2024.02.14"]
[EventType "schev"]
[EventCountry "USA"]
[SourceTitle "playchess.com"]
[Source "ChessBase"]
[SourceQuality "1"]
[TimeControl "5400+30"]

1. d4 Nf6 2. Nf3 d5 3. c4 e6 4. Nc3 Bb4 5. cxd5 exd5 6. Bg5 h6 7. Bxf6 Qxf6 8. Qa4+ Nc6 9. e3 Bd7 10. Qb3 {[%emt 0:02:08] White is slightly better.} O-O-O (10... Bxc3+ $11 11. Qxc3 O-O) 11. Be2 $16 Be6 12. O-O Qe7 13. Rfc1 {[%emt 0:03:16] Threatens to win with Nb5.} Kb8 14. a3 Bxc3 15. Rxc3 Na5 16. Qc2 c6 17. Ne5 h5 18. b4 Nc4 19. Nxc4 dxc4 20. Bxc4 h4 21. Qe4 h3 22. Bxe6 fxe6 23. g3 Rd5 24. Rc5 Rf8 25. Rxd5 cxd5 $18 {[%emt 0:00:00][%mdl 4096] Endgame. KQR-KQR} 26. Qe5+ Ka8 27. Rc1 {[%emt 0:00:00] And now Rc7 would win.} Qf7 28. Qf4 {[%emt 0:00:00] [#] Threatening mate with Qxf7. Active counter play!} Qe8 29. Qg4 Qf7 30. Qf4 $40 {[%emt 0:00:00][%mdl 128] White threatens Qxf7 and mate. White has some attack.} (30. Qxh3 Qxf2+ 31. Kh1 Qxe3 $17) 30... Qe8 31. Qc7 a6 32. Qxg7 Rg8 33. Qh7 Rh8 34. Qg7 Rg8 35. Qh6 Rh8 36. Qg5 Rg8 37. Qh4 Rh8 38. Qg4 Qf7 39. Kf1 Rf8 40. f4 (40. Qxh3 $2 Qxf2#) 40... Qh7 41. Ke2 (41. Qxe6 Qd3+ 42. Ke1 Qxa3 $16) 41... Re8 42. Qf3 Qd7 43. Kd2 Rc8 $2 {[%emt 0:00:00] [#]} (43... Qa4 {was necessary.} 44. Qh5 a5 45. bxa5 (45. Qxh3 axb4 46. axb4 Qxb4+ 47. Kd1 Qb3+ 48. Kd2 Qb4+ 49. Kd1 Qb3+ 50. Ke2 Qb2+ 51. Kd1 Qb3+ $11) 45... Qxa5+ 46. Ke2 Rd8 47. Qxh3 Qxa3) 44. Rxc8+ {[%emt 0:00:35] White is clearly winning.} Qxc8 {[%emt 0:00:00] KQ-KQ} 45. Qf1 Qh8 46. g4 {[%emt 0:00:42][%cal Bg3g4,Bg4g5][%mdl 32] Wards off Qh5} a5 47. bxa5 Qf8 48. Qd3 Qd8 49. g5 Qxa5+ 50. Ke2 Qd8 51. Kf3 Qh8 52. Kg3 {[%emt 0:00:21] Weighted Error Value: White=0.25 (precise) /Black=0.24 (precise) .  Mistake:       	---       	Black=2      Inaccurate:     	---       	Black=1      OK:         	White=19    	Black=13     Best:        	White=2     	Black=5} 1-0

[Event "NY Presidents Day Schiller-C 2024"]
[Site "New York"]
[Date "2024.02.17"]
[Round "3.5"]
[White "Tang, Benjamin"]
[Black "Plat, Vojtech"]
[Result "0-1"]
[ECO "C41"]
[WhiteElo "2167"]
[BlackElo "2516"]
[Annotator "RC"]
[PlyCount "110"]
[EventDate "2024.02.14"]
[EventType "schev"]
[EventCountry "USA"]
[SourceTitle "playchess.com"]
[Source "ChessBase"]
[SourceQuality "1"]
[TimeControl "5400+30"]

1. e4 e5 2. Nf3 d6 3. d4 exd4 4. Nxd4 Nf6 5. Nc3 g6 6. Be3 Bg7 7. f3 O-O 8. Qd2 d5 9. O-O-O dxe4 10. fxe4 c5 11. Ndb5 Qxd2+ 12. Rxd2 Nbd7 13. Kb1 Ng4 14. Bf4 Be5 15. g3 Nb6 16. h3 Bxf4 17. gxf4 Ne3 18. Be2 Bd7 19. Rd3 Ng2 20. Rf1 Nh4 21. Nc7 Rab8 22. Rg1 h6 23. Rd6 Kg7 24. a4 Bc8 25. N7b5 Be6 26. Nxa7 Nc8 27. Nxc8 Bxc8 28. Rd5 Kh7 29. Rxc5 Rd8 30. Rd5 Be6 31. Rxd8 Rxd8 32. Kc1 h5 33. Rg3 Kh6 34. Bd3 f6 35. Nb5 Bf7 36. Kd2 Be8 37. Ke3 Bc6 38. b3 Re8 39. Nc3 Nf5+ 40. Kf3 Nxg3 41. Kxg3 g5 42. f5 h4+ 43. Kf2 g4 44. hxg4 Kg5 45. Kf3 Rh8 46. Ne2 h3 47. Nf4 Bd7 48. Nh5 h2 49. Kg2 Kxg4 50. Be2+ Kg5 51. Kxh2 Be8 52. Kg3 Bxh5 53. Bd3 b6 54. b4 Ra8 55. Bb5 Be8 0-1